 Dungeon Crawl Stone Soup version 0.28.0-53-g5a82cb258f (webtiles) character file.

Game seed: 8144718331944611478

1766 issech the Skirmisher (level 8, -9/73 HPs)
             Began as a Minotaur Monk on June 17, 2022.
             Mangled by a gnoll sergeant
             ... wielding the +5 trident "Facearph" {elec, rC+ Str+4 Dex-2}
              (13 damage)
             ... on level 4 of the Dungeon.
             The game lasted 00:15:48 (6573 turns).

issech the Skirmisher (Minotaur Monk)               Turns: 6573, Time: 00:15:50

Health: -9/73      AC: 11    Str: 21    XL:     8   Next: 79%
Magic:  7/7        EV: 10    Int:  7    God:
Gold:   244        SH:  0    Dex: 16    Spells: 7/7 levels left

rFire   . . .      SeeInvis .   A - +4 falchion "Puoreil" {elec, Str+6}
rCold   . . .      Faith    .   (no shield)
rNeg    + . .      Spirit   .   f - +0 chain mail
rPois   .          Reflect  .   (helmet restricted)
rElec   .          Harm     .   (no cloak)
rCorr   .          Rampage  .   (no gloves)
Will    .....                   i - +0 pair of boots
Stlth   ..........              (no amulet)
HPRegen 0.22/turn               p - ring of flight
MPRegen 0.10/turn               t - ring of positive energy

@: about to teleport, flying
A: horns 2, retaliatory headbutt
a: no special abilities


You were on level 4 of the Dungeon.
You visited 1 branch of the dungeon, and saw 5 of its levels.
You also visited: Sewer.

You collected 244 gold pieces.

Inventory:

Hand Weapons
 a - a +0 hand axe
 y - a +0 hand crossbow
 A - the +4 falchion "Puoreil" (weapon) {elec, Str+6}
   (You took it off a goblin on level 4 of the Dungeon)

   It occasionally discharges a powerful burst of electricity upon striking a
   foe.
   Str:       It affects your strength (+6).
 G - a +0 shortbow
Missiles
 c - 51 arrows
 d - 24 sling bullets
 n - 153 stones (quivered)
 u - 54 bolts
 K - a boomerang
Armour
 b - a +0 robe
 f - a +0 chain mail (worn)
 h - a +0 pair of boots
 i - a +0 pair of boots (worn)
 j - a +0 ring mail
 o - a +0 scale mail
 w - a +0 leather armour of fire resistance
 C - a +0 troll leather armour {Pargi}
 F - a +0 robe of willpower
Magical Staves
 v - a staff of earth
Jewellery
 p - a ring of flight (left hand)
 t - a ring of positive energy (right hand)
Scrolls
 e - a scroll of fear {unknown}
 m - a scroll of acquirement {unknown}
 q - 4 scrolls of teleportation
 r - a scroll of brand weapon {unknown}
 x - a scroll of fog {unknown}
 B - a scroll of blinking {unknown}
 E - a scroll of holy word {unknown}
 H - a scroll of identify {unknown}
Potions
 g - 3 potions of might {unknown}
 k - 2 potions of heal wounds {unknown}
 l - a potion of cancellation {unknown}
 s - 2 potions of resistance {unknown}
 z - a potion of lignification {unknown}
 D - a potion of curing {unknown}
 I - a potion of berserk rage {unknown}
 J - a potion of invisibility {unknown}


   Skills:
 + Level 7.1 Fighting
 + Level 5.9 Long Blades
 + Level 7.0 Axes
 + Level 1.5 Throwing
 + Level 7.1 Armour
 + Level 4.4 Dodging
 + Level 2.1 Stealth


You had 7 spell levels left.
You didn't know any spells.
Your spell library contained the following spells:

 Spells                   Type           Power      Damage    Failure   Level
 Animate Skeleton         Necr           0%         N/A       98%         1
 Apportation              Tloc           0%         N/A       98%         1
 Summon Small Mammal      Summ           0%         N/A       98%         1
 Confusing Touch          Hex            0%         N/A       100%        3
 Yara's Violent Unravell  Hex/Tmut       0%         3d3       100%        5
 Enfeeble                 Hex            0%         N/A       100%        7


Dungeon Overview and Level Annotations

Branches:
Dungeon (5/15)              Sewer (visited)
 Temple: D:4-7

Altars:
Wu Jian

Shops:
D:5 :

Annotations:
D:4 1 transporter, Neuros91's ghost, novice HuFi


Innate Abilities, Weirdness & Mutations

You have a pair of horns on your head.
You reflexively headbutt those who attack you in melee.


Message History

The gnoll is severely wounded.
The gnoll sergeant hits you but does no damage.
The gnoll barely misses you.
The gnoll hits you from afar with a +0 halberd!
The gnoll barely misses you.
The gnoll sergeant hits you with the +5 trident "Facearph" {elec, rC+ Str+4 Dex-2}.
You hit the gnoll. Lightning courses through the gnoll!!
You kill the gnoll!
The gnoll shaman invokes the aid of its god against you.
You resist with some effort. The gnoll barely misses you.
The gnoll sergeant hits you with the +5 trident "Facearph" {elec, rC+ Str+4 Dex-2}.
You are electrocuted!
The gnoll shaman calls upon its god to speed up the gnoll sergeant.
The gnoll sergeant seems to speed up.
The gnoll sergeant hits you with the +5 trident "Facearph" {elec, rC+ Str+4 Dex-2}!
* * * LOW HITPOINT WARNING * * *
You are electrocuted!
* * * LOW HITPOINT WARNING * * *
You see here a wand of acid (5).
The gnoll sergeant barely misses you. You furiously retaliate!
You headbutt the gnoll sergeant.
There is an open translucent door here.
The gnoll sergeant hits you from afar with the +5 trident "Facearph" {elec, rC+ Str+4 Dex-2}!
* * * LOW HITPOINT WARNING * * *
Neuros91's ghost says very slowly, "There's no hope."
The gnoll sergeant closely misses you.
Found a manual of Fighting.
The gnoll shouts!
You hear a shout!
The gnoll shaman calls upon its god to heal the gnoll sergeant.
The gnoll sergeant's wounds heal themselves!
Unknown command.
As you read the scroll of teleportation, it crumbles to dust.
You feel strangely unstable. The gnoll sergeant barely misses you.
You hit the gnoll but do no damage. Lightning courses through the gnoll!
You headbutt the gnoll.
You kill the gnoll!
The gnoll sergeant closely misses you.
The gnoll zaps a wand.
The puff of flame hits you but does no damage.
The gnoll sergeant hits you from afar with the +5 trident "Facearph" {elec, rC+ Str+4 Dex-2}!
You die...

#..≈≈.##.#⌠.⌠#.##.≈≈..#
#..≈≈.#gg#...#..#.≈≈..#
#..≈≈.##.##.##.##.≈≈..#########
#......#g#.Wg#.#..≈≈...........
#.....©#.g.©/W.#©.≈≈.#.###.####
#......#.#8⌠8#g#..≈≈...........
###..≈≈.##.#####g##.≈≈.#.###.####
.....≈≈.#©.#.:.#..#.≈≈...# #.#
###..≈≈.##.#...#@##.≈≈...# #.# #
#..≈≈..#.#...#)#..≈≈...###.#### #
#..≈≈###.##'##.###≈≈.#.#......# #
#..≈≈#.....g.g...#≈≈.#<........ #
#..≈≈#.(###.###..#≈≈.##...###.# #
#..≈≈#.g#8###8#..#≈≈.##...# #.# #
#..≈≈####.....####≈≈..##..# #.# #
#..≈≈≈≈≈≈≈≈≈≈≈≈≈≈≈≈≈..##..###.# #
#..≈≈≈≈≈≈≈≈≈≈≈≈≈≈≈≈≈...........


You could see a gnoll sergeant (fast), a gnoll shaman, Neuros91's ghost and a
gnoll.

Vanquished Creatures
  5 yaks
  Duvessa (D:5)
  A centaur (D:5)
  Pargi (Sewer)
  An ogre (D:4)
  A phantom (D:5)
  Dowan (D:5)
  A bullfrog zombie (D:5)
  A hound (D:5)
  2 orc priests (D:5)
  A centaur skeleton (D:5)
  2 jellies (D:5)
  3 iguanas
  Natasha (D:2)
  An orc wizard (D:5)
  A hound zombie (D:5)
  2 gnolls (D:4)
  10 adders
  An ufetubus (D:5)
  2 worms
  3 dart slugs
  5 orcs (D:5)
  3 bats
  4 endoplasms
  6 goblins
  11 hobgoblins
  15 jackals
  5 kobolds
  8 quokkas
  6 ball pythons
  3 frilled lizards
  12 rats
120 creatures vanquished.

Vanquished Creatures (others)
  6 plants (D:4)
6 creatures vanquished.

Grand Total: 126 creatures vanquished

Notes
Turn   | Place    | Note
-------+----------+-------------------------------------------
     0 | D:1      | issech the Minotaur Monk began the quest for the Orb.
     0 | D:1      | Reached XP level 1. HP: 19/19 MP: 0/0
   122 | D:1      | Reached XP level 2. HP: 20/27 MP: 1/1
   546 | D:1      | Reached XP level 3. HP: 33/33 MP: 2/2
  1098 | D:2      | Reached XP level 4. HP: 32/41 MP: 3/3
  1230 | D:2      | Noticed Natasha
  1239 | D:2      | Killed Natasha
  1403 | D:2      | Reached skill level 1 in Armour
  1741 | D:2      | Reached skill level 5 in Axes
  1869 | D:3      | Reached XP level 5. HP: 41/47 MP: 4/4
  2516 | D:3      | Found an ornate altar of the Wu Jian Council.
  2780 | D:4      | Noticed an ogre
  2791 | D:4      | Killed an ogre
  2792 | D:4      | Reached skill level 5 in Fighting
  3023 | D:4      | Noticed a yak
  3028 | D:4      | Noticed a yak
  3030 | D:4      | Noticed a yak
  3080 | D:3      | Killed a yak
  3081 | D:3      | Reached XP level 6. HP: 18/56 MP: 5/5
  3561 | D:3      | Killed a yak
  3562 | D:3      | Reached XP level 7. HP: 22/61 MP: 6/6
  3839 | D:4      | Reached skill level 1 in Throwing
  4047 | D:4      | Identified the +4 falchion "Puoreil" {elec, Str+6}
  4321 | D:4      | Identified the +5 trident "Facearph" {elec, rC+ Str+4
                  | Dex-2}
  4321 | D:4      | Identified the +0 kite shield of Ru's Whim {rF+ rC- rN+}
  4325 | D:4      | Found a transporter.
  4334 | D:4      | Found a transporter.
  4382 | D:4      | Noticed Neuros91's ghost (novice HuFi)
  4382 | D:4      | Identified the ring "Goufa" {rPois rCorr}
  4435 | D:4      | Noticed a yak
  4436 | D:4      | Noticed a yak
  4479 | D:4      | Killed a yak
  4480 | D:4      | Reached skill level 1 in Long Blades
  4480 | D:4      | Reached skill level 5 in Armour
  4486 | D:4      | Killed a yak
  4674 | D:4      | Killed a yak
  4675 | D:4      | Reached XP level 8. HP: 61/70 MP: 7/7
  5024 | D:5      | Entered Level 5 of the Dungeon
  5146 | D:5      | Found a glowing drain.
  5155 | Sewer    | Entered a sewer
  5217 | Sewer    | Noticed Pargi
  5229 | Sewer    | Killed Pargi
  5355 | D:5      | Found Yxzug's Book Boutique.
  5365 | D:5      | Noticed Duvessa
  5366 | D:5      | Noticed Dowan
  5380 | D:5      | Killed Duvessa
  5381 | D:5      | Killed Dowan
  5964 | D:5      | Reached skill level 5 in Long Blades
  6568 | D:4      | HP: 3/73 [gnoll sergeant/the +5 trident "Facearph" {elec,
                  | rC+ Str+4 Dex-2} (8)]
  6573 | D:4      | Mangled by a gnoll sergeant

Illustrated notes

Levels and vault maps discovered:
D:1:      dpeg_arrival_line_fractal, layout_loops_ring, serial_glass,
          glass_columns_a, glass_columns_c, glass_columns_a, glass_columns_a,
          minivault_25
D:2:      layout_basic, uniq_natasha
D:3:      layout_basic, nzn_wu_jian_contemplation
D:4:      layout_basic, gammafunk_ghost_gnarly_gnolls
D:5:      layout_layer_cave, serial_shops, nicolae_diamond_shop,
          portal_sewer_entry_d, amcnicky_mini_rare_corridor_liquid, uniq_duvessa

Skill      XL: |  1  2  3  4  5  6  7  8 |
---------------+-------------------------+-----
Fighting       | 4 5 6 7 |  7.1
Axes           | 4 5 6 7 |  7.0
Dodging        | 4 |  4.4
Armour         | 1 3 4 6 7 |  7.1
Stealth        | 2 |  2.1
Throwing       | 1 |  1.5
Long Blades    | 2 5 |  5.9

Action                   |  1- 3 |  4- 6 |  7- 9 || total
-------------------------+-------+-------+-------++-------
Melee: Hand axe          |    76 |   118 |    32 ||   226
       Headbutt          |    15 |    25 |    38 ||    78
       Punch             |       |     1 |     2 ||     3
       Falchion          |       |       |   101 ||   101
Throw: Stone             |       |    10 |       ||    10
  Use: Scroll            |       |       |     2 ||     2
Armor: Robe              |    11 |       |       ||    11
       Chain mail        |    40 |    68 |    71 ||   179
Dodge: Dodged            |    56 |    29 |    81 ||   166
